 Dungeon Crawl Stone Soup version 0.25-a0-566-g062765be81 (webtiles) character file.

Game seed: 13316810548482464491, levelgen mode: deterministic

67799 Flugslaktarn the Severer (level 14, -5/142 HPs)
             Began as a Deep Dwarf Fighter on Feb 27, 2020.
             Was the Champion of Makhleb.
             Slain by a titanic slime creature (61 damage)
             ... on level 4 of the Swamp.
             The game lasted 00:12:43 (13091 turns).

Flugslaktarn the Severer (Deep Dwarf Fighter)      Turns: 13091, Time: 00:12:44

Health: -5/142     AC: 29    Str: 30    XL:     14   Next: 84%
Magic:  1/1        EV: 10    Int:  9    God:    Makhleb [******]
Gold:   950        SH:  0    Dex: 12    Spells: 13/13 levels left

rFire    . . .     SeeInvis .   b - +0 executioner's axe (freeze)
rCold    + . .     Gourm    .   (shield currently unavailable)
rNeg     + . .     Faith    .   D - +1 crystal plate armour {rC+}
rPois    .         Spirit   .   H - +0 helmet
rElec    .         Reflect  .   o - +0 cloak
rCorr    .         Harm     .   g - +0 pair of gloves
MR       ++...                  L - +1 pair of boots
Stlth    ..........             (no amulet)
HPRegen  0.00/turn              B - +5 ring of strength
MPRegen  0.07/turn              x - +4 ring of evasion

@: lethally poisoned (-5 -> -5), berserk cooldown, non-regenerating, slowed,
very slow
A: damage resistance, heal wounds, negative energy resistance 1, sense
surroundings 2, no regeneration
a: Heal Wounds, Minor Destruction, Lesser Servant of Makhleb, Major Destruction,
Greater Servant of Makhleb, Renounce Religion


You were on level 4 of the Swamp.
You worshipped Makhleb.
Makhleb was exalted by your worship.
You were not hungry.

You visited 4 branches of the dungeon, and saw 25 of its levels.
You visited the Abyss 1 time.
You also visited: Sewer and Ice Cave.

You collected 1010 gold pieces.
You spent 60 gold pieces at shops.

Inventory:

Hand Weapons
 a - a +2 war axe of flaming
   (You took it off an orc on level 8 of the Dungeon)
 b - a +0 executioner's axe of freezing (weapon)
   (You bought it in a shop on level 10 of the Dungeon)
Missiles
 F - a throwing net (quivered)
Armour
 c - a +0 kite shield
 g - a +0 pair of gloves (worn)
   (You found it on level 4 of the Dungeon)
 n - the +3 chain mail "Puba Ema" {rF+ rC+ Stlth-}
   (You found it on level 15 of the Dungeon)

   It protects you from fire.
   It protects you from cold.
   It makes you less stealthy.
   If you switch to wearing this armour, your AC will decrease by 7 (29 -> 22).
 o - a +0 cloak (worn)
   (You took it off Crazy Yiuf on level 6 of the Dungeon)
 C - the +1 chain mail of Quantum Leap {Regen+}
   (You found it on level 1 of the Abyss)

   It increases your rate of regeneration.
   If you switch to wearing this armour, your AC will decrease by 9 (29 -> 20).
 D - a +1 crystal plate armour of cold resistance (worn)
   (You found it in an ice cave)
 H - a +0 helmet (worn)
   (You found it on level 1 of the Lair of Beasts)
 L - a +1 pair of boots (worn)
   (You found it on level 3 of the Lair of Beasts)
Jewellery
 k - an uncursed ring of resist corrosion
   (You found it on level 9 of the Dungeon)
 x - a +4 ring of evasion (right hand)
   (You found it on level 9 of the Dungeon)
 B - a +5 ring of strength (left hand)
   (You found it on level 1 of the Abyss)
Wands
 f - a wand of enslavement (4)
   (You found it on level 14 of the Dungeon)
 l - a wand of paralysis (13)
   (You found it on level 12 of the Dungeon)
 v - a wand of digging (5)
   (You found it on level 12 of the Dungeon)
 E - a wand of acid (17)
   (You found it on level 11 of the Dungeon)
Scrolls
 i - a scroll of fog
 j - 2 scrolls of enchant armour
 r - 2 scrolls of identify
 s - 6 scrolls of remove curse
 t - 6 scrolls of teleportation
 z - 2 scrolls of blinking
 J - 2 scrolls of magic mapping
 M - a scroll of immolation
 N - a scroll of fear
Potions
 d - a potion of might
 h - a potion of haste
 m - a potion of magic
 p - 2 potions of ambrosia
 q - 5 potions of curing
 u - 4 potions of flight
 w - 4 potions of heal wounds
 y - 4 potions of brilliance
 I - a potion of lignification
 K - a potion of invisibility
Comestibles
 e - 26 rations


   Skills:
 * Level 13.8 Fighting
 * Level 16.0 Axes
 + Level 12.0 Armour
 - Level 7.9 Shields
 + Level 12.6 Invocations


You had 13 spell levels left.
You didn't know any spells.
Your spell library was empty.

Dungeon Overview and Level Annotations

Branches:
Dungeon (15/15)            Temple (1/1) D:5            Lair (5/6) D:9
  Swamp (4/4) Lair:4        Snake (0/4) Lair:2          Orc (0/2) D:12
 Vaults (0/5) D:13         Depths (0/5) D:15          Sewer (visited)
  IceCv (visited)
  Slime: Lair:5-6

Altars:
Ashenzari
Cheibriados
Dithmenos
Elyvilon
Fedhas
Gozag
Hepliaklqana
Makhleb
Nemelex Xobeh
Okawaru
Qazlal
Trog
Uskayaw
Wu Jian
Xom
Yredelemnul
Zin
The Shining One

Shops:
D:10 *


Innate Abilities, Weirdness & Mutations

You are resistant to damage.
You can heal yourself by infusing magical energy.
You resist negative energy. (rN+)
You passively map the area around you.
You do not regenerate.


Message History

Things that are here:
a +0 spear; 2 curare-tipped darts; a hornet corpse You slice the large slime creature!!
You freeze the large slime creature.
The large slime creature is severely wounded.
You are no longer berserk.
You are exhausted.
You feel as though you will be slow longer.
A slime creature suddenly becomes a very large slime creature.
Two slime creatures merge to form an enormous slime creature.
You slice the enormous slime creature!! You freeze the enormous slime creature!
The enormous slime creature is severely wounded.
A slime creature suddenly becomes a titanic slime creature.
You open the titanic slime creature like a pillowcase!!!
You freeze the titanic slime creature!
The titanic slime creature is almost dead.
The titanic slime creature barely misses you.
You barely miss the titanic slime creature.
The titanic slime creature is almost dead.
The titanic slime creature hits you!!!
You die...

, *♣♣≈.. * **
♣.≈≈.♣ ≈ ≈
♣♣.≈≈≈. *, ≈
≈.§≈≈≈≈. ♣♣♣ ≈
§..≈≈≈.* ♣♣§♣♣
≈≈≈..≈≈≈.♣♣♣♣≈..♣
≈≈≈≈ ♣......≈≈.♣
≈ ,♣♣≈≈§<.≈≈.♣ ≈
≈ *♣♣≈§†♣@†(♣ ≈ ≈
*♣♣§≈J♣♣♣♣ , ≈≈≈
♣.≈.≈♣ , ≈ ,
≈≈.≈...♣ ≈ ≈
≈≈..§≈≈≈≈.♣ ,,,
≈§.≈≈≈≈≈.♣ ,
.....≈≈≈.≈* ,
≈≈≈.♣♣♣.≈♣ ≈ ,
≈≈≈≈ ♣≈≈♣


You could see a titanic slime creature.

Vanquished Creatures
  Rupert (D:13)
  A frost giant (D:15)
  Azrael (D:14)
  Snorg (D:12)
  A fire dragon (D:15)
  Josephine (D:13)
  2 hydras
  2 two-headed ogres (D:13)
  A death knight (D:14)
  A rakshasa (D:14)
  8 centaur warriors
  4 alligators (Swamp:1)
  A tengu warrior (D:15)
  Nergalle (Lair:4)
  3 starcursed masses (Abyss:1)
  An unseen horror (D:13)
  2 wizards (D:15)
  9 ugly things (D:14)
  A wolf spider zombie (D:15)
  2 necromancers
  3 cyclopes
  3 deep elf magi
  A worldbinder (Abyss:1)
  2 ice statues (IceCv)
  2 black mambas
  A torpor snail (Lair:2)
  2 gargoyles
  A smoke demon (Abyss:1)
  A naga mage (D:15)
  7 spiny frogs
  6 komodo dragons
  An efreet (D:15)
  A freezing wraith (D:15)
  A redback zombie (D:14)
  A rime drake (Lair:2)
  6 ice devils (IceCv)
  An ancient zyme (Abyss:1)
  A tengu conjurer (D:15)
  7 trolls
  7 raiju (Abyss:1)
  4 tyrant leeches
  Grinder (D:5)
  4 hornets
  Prince Ribbit (D:7)
  3 blink frogs (Lair:5)
  A slime creature (Swamp:4)
  4 hippogriffs
  A bog body (Swamp:4)
  2 centaur simulacra (D:15)
  A spriggan (Swamp:4)
  A yak (shapeshifter) (D:13)
  24 yaks
  5 wyverns
  6 wraiths
  5 fire elementals (D:14)
  A large abomination (Abyss:1)
  4 vampire mosquitoes
  4 hungry ghosts
  2 soldier ants
  5 swamp worms
  19 water moccasins
  3 hell hounds (D:14)
  6 porcupines
  A black bear (D:12)
  An eye of draining (D:9)
  7 orc warriors
  A phantom (D:11)
  5 sky beasts
  5 ogres
  2 ice beasts
  2 necrophages
  3 wolves (Lair:2)
  21 centaurs
  7 crocodiles
  5 big kobolds
  A gnoll sergeant (D:8)
  11 bullfrogs
  4 scorpions
  20 killer bees
  7 wights
  3 electric eels
  2 howler monkeys (D:13)
  4 crimson imps
  4 centaur zombies
  A quasit (D:8)
  6 hounds
  Crazy Yiuf (D:6)
  3 bullfrog zombies
  11 orc priests
  A gnoll shaman (D:5)
  5 centaur skeletons
  7 iguanas
  10 orc wizards
  11 worker ants
  A hound zombie (D:6)
  A hound skeleton (D:6)
  A howler monkey zombie (D:9)
  A worker ant zombie (D:5)
  14 gnolls
  3 river rats (Sewer)
  24 adders
  A shadow imp (D:9)
  21 white imps
  9 ufetubi
  An adder skeleton (D:7)
  2 worms
  A dart slug (D:4)
  4 leopard geckos
  68 orcs
  2 giant cockroaches
  3 goblins (D:2)
  2 hobgoblins
  21 jackals
  25 kobolds
  A quokka (D:9)
  2 ball pythons
  A ball python skeleton (D:4)
  2 bats
  4 frilled lizards
  A giant cockroach zombie (D:6)
  A quokka skeleton (D:8)
  3 rats
  3 plants
601 creatures vanquished.

Vanquished Creatures (collateral kills)
  Sonja (D:10)
  An ugly thing (D:13)
  Psyche (D:11)
  A centaur skeleton (D:13)
  2 yaks (D:13)
  A hungry ghost (D:10)
  A phantom (D:10)
  A crocodile (D:10)
  An orc priest (D:10)
  2 orc wizards (D:10)
  An orc (D:11)
13 creatures vanquished.

Vanquished Creatures (others)
  A reaper (IceCv)
  An unseen horror (D:11)
  A small abomination (Abyss:1)
  A jelly (D:14)
  4 white imps (IceCv)
  An ufetubus (IceCv)
  A fungus (Lair:3)
  8 plants
18 creatures vanquished.

Grand Total: 632 creatures vanquished

Notes
Turn   | Place    | Note
-------+----------+-------------------------------------------
     0 | D:1      | Flugslaktarn the Deep Dwarf Fighter began the quest for the
                  | Orb.
     0 | D:1      | Reached XP level 1. HP: 20/20 MP: 1/1
   183 | D:2      | Reached XP level 2. HP: 21/27 MP: 2/2
   247 | D:2      | Reached XP level 3. HP: 31/34 MP: 3/3
   326 | D:4      | Reached skill level 3 in Axes
   410 | D:4      | Reached XP level 4. HP: 35/42 MP: 4/4
   878 | D:4      | Reached XP level 5. HP: 50/50 MP: 5/5
   886 | D:4      | Reached skill level 4 in Axes
  1189 | D:5      | Entered Level 5 of the Dungeon
  1189 | D:5      | Noticed a centaur
  1197 | D:5      | Killed a centaur
  1197 | D:5      | Reached XP level 6. HP: 39/57 MP: 6/6
  1285 | D:5      | Reached skill level 5 in Axes
  1372 | D:5      | Found a staircase to the Ecumenical Temple.
  1374 | D:5      | Found a faded altar of an unknown god.
  1478 | Temple   | Entered the Ecumenical Temple
  1610 | D:5      | Noticed Grinder
  1635 | D:5      | Paralysed by Grinder for 5 turns
  1643 | D:5      | Killed Grinder
  1643 | D:5      | Reached skill level 5 in Fighting
  1643 | D:5      | Reached XP level 7. HP: 65/67 MP: 7/7
  1845 | D:6      | Reached skill level 5 in Shields
  1846 | D:6      | Reached skill level 5 in Armour
  1853 | D:6      | Reached skill level 6 in Axes
  1973 | D:6      | Reached XP level 8. HP: 44/76 MP: 7/7
  1999 | D:6      | Found a runed translucent door.
  2000 | D:6      | Noticed Crazy Yiuf
  2088 | D:6      | Found a stormy altar of Qazlal.
  2325 | D:6      | Found a glowing drain.
  2336 | Sewer    | Entered a sewer
  2448 | Sewer    | Found a white marble altar of Elyvilon.
  2566 | D:6      | Reached skill level 7 in Axes
  2644 | D:6      | Found an ornate altar of the Wu Jian Council.
  2644 | D:6      | Found a burning altar of Makhleb.
  2649 | D:6      | Found a faded altar of an unknown god.
  2651 | D:6      | Found a faded altar of an unknown god.
  2652 | D:6      | Found a snail-covered altar of Cheibriados.
  2791 | D:6      | Became a worshipper of Makhleb the Destroyer
  2938 | D:6      | Killed Crazy Yiuf
  3050 | D:7      | Found a shadowy altar of Dithmenos.
  3058 | D:7      | Reached skill level 1 in Invocations
  3168 | D:7      | Found a basalt altar of Yredelemnul.
  3200 | D:7      | Found a hazy altar of Hepliaklqana.
  3438 | D:7      | Noticed Prince Ribbit
  3465 | D:7      | Killed Prince Ribbit
  3465 | D:7      | Gained mutation: You passively map the area around you.
                  | [Deep Dwarf growth]
  3465 | D:7      | Reached XP level 9. HP: 42/85 MP: 7/7
  3687 | D:7      | Found a white marble altar of Elyvilon.
  3753 | D:8      | Reached * piety under Makhleb
  3798 | D:8      | Reached skill level 8 in Axes
  4258 | D:8      | Reached ** piety under Makhleb
  4266 | D:8      | Noticed a queen bee
  4469 | D:8      | Reached skill level 9 in Axes
  4822 | D:9      | Reached XP level 10. HP: 48/96 MP: 1/7
  4901 | D:9      | Found a staircase to the Lair.
  5043 | D:9      | Reached *** piety under Makhleb
  5047 | D:9      | Reached skill level 5 in Invocations
  5366 | D:10     | Entered Level 10 of the Dungeon
  5424 | D:10     | Noticed Sonja
  5454 | D:10     | Killed Sonja
  5485 | D:10     | Reached skill level 10 in Axes
  5526 | D:10     | Reached **** piety under Makhleb
  5699 | D:10     | Found Adativ's Lightly-Used Armoury.
  5707 | D:10     | Bought a -1 executioner's axe for 60 gold pieces
  5929 | D:10     | Reached XP level 11. HP: 67/106 MP: 7/7
  5940 | D:10     | Paralysed by a hornet for 3 turns
  6249 | D:10     | Reached ***** piety under Makhleb
  6443 | D:11     | Reached skill level 11 in Axes
  6522 | D:11     | Noticed Psyche
  6535 | D:11     | Cast into level 1 of the Abyss (Psyche)
  6571 | Abyss:1  | Got a faintly humming chain mail
  6582 | Abyss:1  | Identified the +1 chain mail of Quantum Leap {Regen+} (You
                  | found it on level 1 of the Abyss)
  6587 | Abyss:1  | Noticed a starcursed mass
  6604 | Abyss:1  | Killed a starcursed mass
  6608 | Abyss:1  | Killed a starcursed mass
  6611 | Abyss:1  | Killed a starcursed mass
  6743 | Abyss:1  | Reached skill level 10 in Fighting
  6801 | D:11     | Escaped the Abyss
  6814 | D:11     | Killed Psyche
  7107 | D:11     | Killed an unseen horror
  7192 | D:11     | Reached skill level 12 in Axes
  7493 | D:12     | Reached XP level 12. HP: 94/117 MP: 5/5
  7513 | D:12     | Found a staircase to the Orcish Mines.
  7913 | D:12     | Noticed Snorg
  7951 | D:12     | Killed Snorg
  8358 | D:13     | Reached ****** piety under Makhleb
  8475 | D:13     | Noticed a two-headed ogre
  8486 | D:13     | Killed a two-headed ogre
  8500 | D:13     | Found a gate to the Vaults.
  8513 | D:13     | Reached skill level 13 in Axes
  8662 | D:13     | Noticed a centaur warrior
  8673 | D:13     | Killed a centaur warrior
  8673 | D:13     | Reached skill level 10 in Armour
  8784 | D:13     | Noticed a two-headed ogre
  8792 | D:13     | Killed a two-headed ogre
  8865 | D:13     | You fall into a shaft and drop 1 floor!
  8923 | D:13     | Noticed Josephine
  8926 | D:13     | Noticed Rupert
  8937 | D:13     | Killed Josephine
  8937 | D:13     | Reached skill level 10 in Invocations
  9017 | D:13     | Killed Rupert
  9017 | D:13     | Reached XP level 13. HP: 116/128 MP: 2/2
  9197 | D:14     | Noticed Azrael
  9229 | D:14     | Killed Azrael
  9238 | D:14     | HP: 5/128 [fire elemental[Azrael] (5)]
  9273 | D:14     | Found a glowing golden altar of the Shining One.
  9463 | D:14     | Reached skill level 14 in Axes
  9887 | D:15     | Entered Level 15 of the Dungeon
 10248 | D:15     | Found a frozen archway.
 10272 | IceCv    | Entered an ice cave
 10310 | IceCv    | HP: 6/130 [ice statue] (12)]
 10351 | IceCv    | Killed a reaper
 10440 | IceCv    | Gained mutation: You resist negative energy. (rN+) [Deep
                  | Dwarf growth]
 10440 | IceCv    | Reached XP level 14. HP: 88/139 MP: 1/1
 10596 | D:15     | Reached skill level 15 in Axes
 10636 | D:15     | Found a staircase to the Depths.
 10763 | D:15     | Noticed a frost giant
 10764 | D:15     | Found a shimmering altar of Xom.
 10785 | D:15     | Killed a frost giant
 10849 | D:15     | Got a brightly glowing chain mail
 10860 | D:15     | Identified the +3 chain mail "Puba Ema" {rF+ rC+ Stlth-}
                  | (You found it on level 15 of the Dungeon)
 11232 | Lair:1   | Entered Level 1 of the Lair of Beasts
 11732 | Lair:2   | Found a staircase to the Snake Pit.
 12434 | Lair:3   | You fall into a shaft and drop 2 floors!
 12688 | Lair:4   | Found a staircase to the Swamp.
 12766 | Lair:4   | Noticed Nergalle
 12791 | Lair:4   | Killed Nergalle
 12855 | Lair:4   | Found an iron altar of Okawaru.
 12919 | Swamp:1  | Entered Level 1 of the Swamp
 13059 | Swamp:4  | Entered Level 4 of the Swamp
 13066 | Swamp:4  | Reached skill level 16 in Axes
 13091 | Swamp:4  | Slain by a titanic slime creature

Levels and vault maps discovered:
D:1:      moated_graveyard_arrival, layout_rooms, lexackson_kobold_supper
D:2:      layout_rooms, lemuel_coloured_pillars_altar
D:3:      layout_basic, grunt_temple_overflow_magic_moments,
          ebering_ghost_sewer_f, first_ration, uniq_ijyb
D:4:      layout_basic
D:5:      layout_rooms, nicolae_temple_entry_ecumenical, uniq_grinder
D:6:      layout_loops_ring, kennysheep_mini,
          chequers_temple_overflow_minitemple, cheibrodos_sewer_entry_bend,
          grunt_ministairs_8, hangedman_abyss_or_decor_stabs,
          uniq_crazy_yiuf_cottage
D:7:      layout_loops_cross, kennysheep_ying_yang, lemuel_crystal_altar,
          kennysheep_little_box, hex_medium, uniq_prince_ribbit1
D:8:      layout_layer_cave, david_nohive_1
D:9:      layout_rooms, lair_entry_dummy
D:10:     lemuel_reptile_caves, layout_irregular_city, minmay_shop_damaged,
          uniq_sonja
D:11:     layout_basic, minmay_starry_boxes, uniq_psyche
D:12:     layout_long_grid, hiddenorc1_lemuel, uniq_snorg
D:13:     layout_loops_cross, david_vaults_1, uniq_rupert, uniq_josephine
D:14:     layout_rooms, tso_metal_star, uniq_azrael
D:15:     grunt_enter_depths_magical_seal, layout_long_grid,
          portal_ice_cave_entry_imps, minmay_misc_feat_enclosed,
          minmay_ruined_shrine
Temple:   cyrus_temple_forest
Lair:1:   layout_layer_cave, nicolae_lair_grove_arrangements,
          chequers_serial_rivers_marsh, serial_bayou_shore_a
Lair:2:   layout_hall_layers, dummy_snake_entry
Lair:3:   layout_roguey, serial_bayou_ford_a, st_stairs_7
Lair:4:   layout_gridlike, minmay_swamp_entry_worms, basic_altar, uniq_nergalle
Lair:5:   layout_gridlike, minmay_slime_entry_pillars, minmay_holes
Swamp:1:  layout_falls_marsh, basic_altar, swamp_pool1, st_swamp_ruins_3,
          infiniplex_staircase_pool, uniq_jorgrun
Swamp:2:  gammafunk_its_a_trap, layout_basic_swamp, evilmike_swamp_ruin_house_2
Swamp:3:  layout_basic_swamp, evilmike_swamp_ruin_house_1, swamp_pool1
Swamp:4:  swamp_vile, layout_basic_swamp

Skill      XL: |  1  2  3  4  5  6  7  8  9 10 11 12 13 14 |
---------------+-------------------------------------------+-----
Fighting       | 3 4 5 6 7 9 10 11 12 13 | 13.8
Axes           | 3 4 5 6 7 9 10 12 13 14 16 | 16.0
Shields        | 4 5 6 7 |  7.9
Armour         | 4 5 6 7 9 10 11 12 | 12.0
Invocations    | 2 4 6 8 10 11 12 | 12.6

Action                   |  1- 3 |  4- 6 |  7- 9 | 10-12 | 13-15 || total
-------------------------+-------+-------+-------+-------+-------++-------
Melee: War axe           |    62 |   123 |   465 |   769 |   414 ||  1833
       Executioner's axe |       |       |       |       |   324 ||   324
Invok: Lesser Servant of |       |       |       |    12 |       ||    12
 Abil: Heal Wounds       |     1 |     5 |    16 |    53 |    24 ||    99
  Use: Scroll            |       |       |    13 |    12 |     7 ||    32
       Potion            |       |       |     1 |     2 |     7 ||    10
 Stab: Invisible         |       |       |     1 |       |       ||     1
       Distracted        |       |       |       |     2 |       ||     2
  Eat: Chunk             |       |     2 |    12 |    25 |    11 ||    50
       Ration            |       |       |       |       |     2 ||     2
Armor: Chain mail        |    47 |    74 |   286 |   437 |   162 ||  1006
       Scale mail        |     2 |       |       |       |       ||     2
       Crystal plate arm |       |       |       |       |   335 ||   335
Dodge: Dodged            |    19 |    22 |   143 |   358 |   355 ||   897
Block: Kite shield       |    46 |    56 |   352 |   575 |   240 ||  1269

Table legend:
 A = Non-vault XP
 B = Vault XP
 C = Vault XP percentage of total XP
 D = Non-vault monster count
 E = Vault monster count
 F = Vault count percentage of total count
                 A         B        C        D         E       F
            +---------+---------+-------+---------+---------+-------
      Total |   67704 |   29153 |  30.1 |     449 |     163 |  26.6
            +---------+---------+-------+---------+---------+-------
        D:1 |      10 |       0 |   0.0 |       7 |       0 |   0.0
        D:2 |      37 |       0 |   0.0 |       9 |       0 |   0.0
        D:3 |       5 |       0 |   0.0 |       1 |       0 |   0.0
        D:4 |     268 |       0 |   0.0 |      18 |       0 |   0.0
        D:5 |     461 |     272 |  37.1 |      17 |       1 |   5.6
        D:6 |     881 |     111 |  11.2 |      28 |       4 |  12.5
        D:7 |     570 |     268 |  32.0 |      22 |       1 |   4.3
        D:8 |    1275 |     979 |  43.4 |      38 |      16 |  29.6
        D:9 |    2408 |       0 |   0.0 |      45 |       0 |   0.0
       D:10 |    2830 |    3009 |  51.5 |      42 |      31 |  42.5
       D:11 |    2608 |     847 |  24.5 |      25 |       5 |  16.7
       D:12 |    2409 |    1237 |  33.9 |      24 |      18 |  42.9
       D:13 |    7808 |    6115 |  43.9 |      28 |       9 |  24.3
       D:14 |   13045 |    2642 |  16.8 |      32 |       9 |  22.0
       D:15 |    8747 |    8708 |  49.9 |      29 |      28 |  49.1
     Lair:1 |    2429 |       0 |   0.0 |      12 |       0 |   0.0
     Lair:2 |    6287 |       0 |   0.0 |      23 |       0 |   0.0
     Lair:3 |    1109 |       0 |   0.0 |       7 |       0 |   0.0
     Lair:4 |    1480 |    1672 |  53.0 |       7 |       5 |  41.7
     Lair:5 |    1534 |       0 |   0.0 |       5 |       0 |   0.0
    Swamp:1 |    4322 |       0 |   0.0 |       6 |       0 |   0.0
    Swamp:2 |     625 |       0 |   0.0 |       3 |       0 |   0.0
    Swamp:4 |    2113 |       0 |   0.0 |       6 |       0 |   0.0
    Abyss:1 |    4443 |       0 |   0.0 |      15 |       0 |   0.0
      Sewer |       0 |     147 | 100.0 |       0 |      11 | 100.0
      IceCv |       0 |    3146 | 100.0 |       0 |      25 | 100.0
            +---------+---------+-------+---------+---------+-------
